 Dungeon Crawl Stone Soup version 0.31.0-12-g77e489cdc1 (webtiles) character file.

Game seed: 17451708099712688265

104169 James the Unseen (level 16, -5/145 (152) HPs)
             Began as a Naga Alchemist on Mar 1, 2024.
             Was a High Priest of Vehumet.
             Slain by a freezing wraith (6 damage)
             ... on level 15 of the Dungeon.
             The game lasted 02:55:20 (33688 turns).

James the Unseen (Naga Alchemist)                  Turns: 33688, Time: 02:55:21

HP:   -5/145 (152)  AC: 13    Str: 17    XL:     16   Next: 38%
MP:   21/31         EV: 14    Int: 24    God:    Vehumet [*****.]
Gold: 1583          SH: 16    Dex: 13    Spells: 8/37 levels left

rFire   + + .        a - staff of alchemy
rCold   . . .        j - +5 kite shield of the Ladybird {Regen+ Int+2}
rNeg    . . .        h - +3 leather armour {rC+}
rPois   +            U - +0 helmet
rElec   .            q - +0 cloak
rCorr   .            R - +0 pair of gloves
SInv    +            (no barding)
Will    ++...        C - amulet of the acrobat
Stlth   ++++++       L - ring "Rytz" {rPois rF++ rC- Str+6}
HPRegen 1.24/turn    N - +5 ring of evasion
MPRegen 0.22/turn

%: acrobat
@: about to teleport, spewing sludge, slowed, studying 2 skills, lightly
drained, very slow
A: AC +5, large, see invisible, deformed body, poison resistance, slowness 2,
spit poison 1, naga tail 2
a: Spit Poison, Renounce Religion


You were on level 15 of the Dungeon.
You worshipped Vehumet.
Vehumet was extremely pleased with you.
You visited 4 branches of the dungeon, and saw 23 of its levels.
You also visited: Gauntlet, Ice Cave and Volcano.

You collected 2623 gold pieces.
You spent 1040 gold pieces at shops.

Inventory:

Hand Weapons
 b - the +4 rapier of Reabby Napt {holy, rPois Will+ Dex+3}
   (You found it on level 5 of the Lair of Beasts)

   Dex+3:     It affects your dexterity (+3).
   rPois:     It protects you from poison Will+: It increases your willpower.
 Q - the +2 Maxwell's thermic engine {flame, freeze, rev}
   (You found it in an ice cave)
Missiles
 t - 4 darts of dispersal (quivered) {!f}
 H - a curare-tipped dart {!f}
 K - 11 atropa-tipped darts
 W - 5 throwing nets {!f}
Armour
 c - a +3 buckler of cold resistance
   (You found it in an ice cave)
 h - a +3 leather armour of cold resistance (worn)
   (You found it in a Gauntlet)
 j - the +5 kite shield of the Ladybird (worn) {Regen+ Int+2}
   (You found it in a Gauntlet)

   Int+2:     It affects your intelligence (+2).
   Regen+:    It increases your rate of health regeneration.
 q - a +0 cloak (worn)
   (You found it on level 2 of the Dungeon)
 P - +0 steam dragon scales
   (You found it on level 6 of the Dungeon)
 R - a +0 pair of gloves (worn)
   (You found it on level 5 of the Dungeon)
 U - a +0 helmet (worn)
   (You found it on level 6 of the Dungeon)
Magical Staves
 a - a staff of alchemy (weapon)
   (You found it on level 1 of the Dungeon)
Jewellery
 e - the amulet "Usmifut" {+Blink Regen+}
   (You found it on level 11 of the Dungeon)

   [amulet of regeneration]

   +Blink:    It lets you blink.
   Regen+:    It increases your rate of health regeneration.
 w - a ring of resist corrosion
   (You took it off a centaur warrior on level 11 of the Dungeon)
 z - a ring of protection from cold
   (You found it in an ice cave)
 A - a ring of magical power
   (You found it on level 1 of the Dungeon)
 C - an amulet of the acrobat (around neck)
   (You found it on level 3 of the Dungeon)
 L - the ring "Rytz" (left hand) {rPois rF++ rC- Str+6}
   (You took it off a kobold demonologist on level 5 of the Dungeon)

   [ring of strength]

   Str+6:     It affects your strength (+6).
   rF++:      It greatly protects you from fire.
   rC-:       It makes you vulnerable to cold.
   rPois:     It protects you from poison
 N - a +5 ring of evasion (right hand)
   (You found it on level 5 of the Dungeon)
 Y - a +5 ring of evasion
   (You found it on level 14 of the Dungeon)
Wands
 m - a wand of roots (17)
   (You found it on level 2 of the Lair of Beasts)
 u - a wand of paralysis (15)
   (You took it off Jeremiah on level 6 of the Dungeon)
 v - a wand of digging (12)
   (You found it on level 4 of the Lair of Beasts)
 x - a wand of acid (16)
   (You found it on level 3 of the Lair of Beasts)
 F - a wand of polymorph (27)
   (You found it on level 3 of the Dungeon)
Scrolls
 f - 5 scrolls of enchant weapon
 i - a scroll of blinking
 o - 5 scrolls of enchant armour
 p - 2 scrolls of fog
 s - 6 scrolls of teleportation {@r4}
 y - a scroll of acquirement
 B - 3 scrolls of fear
 E - 4 scrolls of revelation
 M - 4 scrolls of immolation {!r}
 T - 2 scrolls of brand weapon
 X - a scroll of summoning {unknown}
Potions
 d - 3 potions of magic
 g - 5 potions of mutation {!q}
 l - 6 potions of heal wounds {@q2}
 n - 2 potions of haste {@q3}
 r - 4 potions of lignification {!q}
 D - 2 potions of resistance
 G - 2 potions of cancellation
 I - 3 potions of brilliance
 J - a potion of invisibility
 O - a potion of berserk rage
 V - 6 potions of might
 Z - 8 potions of curing {@q1}
Miscellaneous
 k - a phial of floods
   (You found it in a Gauntlet)
 S - a sack of spiders
   (You found it in a Gauntlet)


   Skills:
 - Level 12.0 Fighting
 - Level 4.0 Armour
 - Level 4.0 Dodging
 - Level 18.0 Stealth
 + Level 8.8 Shields
 - Level 11.0 Spellcasting
 - Level 6.5 Conjurations
 - Level 6.5 Hexes
 - Level 6.5 Fire Magic
 - Level 6.5 Ice Magic
 - Level 6.5 Air Magic
 - Level 17.0 Alchemy


You had 8 spell levels left.
You knew the following spells:

 Your Spells              Type           Power      Damage    Failure   Level
a - Freezing Cloud        Conj/Ice/Air   22%        6-21      7%          5
b - Mercury Vapours       Alch/Air       100%       N/A       1%          2
c - Eringya's Noxious Bo  Alch           48%        4d6       1%          6
d - Yara's Violent Unrav  Hex/Alch       40%        3d16      1%          5
f - Mephitic Cloud        Conj/Alch/Air  75%        N/A       1%          3
q - Sticky Flame          Fire/Alch      81%        2d13      1%          4
y - Olgreb's Toxic Radia  Alch           97%        N/A       1%          4

Your spell library contained the following spells:

 Spells                   Type           Power      Damage    Failure   Level
 Conjure Ball Lightning   Conj/Air       22%        3x3d6     32%         6
 Freeze                   Ice            100%       1d10      1%          1
 Magic Dart               Conj           100%       1d8       1%          1
 Slow                     Hex            100%       N/A       1%          1
 Sting                    Conj/Alch      100%       1d9       1%          1
 Ensorcelled Hibernation  Hex/Ice        88%        N/A       1%          2
 Jinxbite                 Hex            88%        N/A       1%          2
 Static Discharge         Conj/Air       88%        3-7/arc   1%          2
 Frozen Ramparts          Ice            88%        1d14      1%          3
 Hailstorm                Conj/Ice       44%        3d9       1%          3
 Alistair's Intoxication  Alch           64%        N/A       1%          5
 Irradiate                Conj/Alch      40%        3d25      1%          5
 Confusing Touch          Hex            44%        N/A       2%          3
 Sigil of Binding         Hex            44%        N/A       2%          3
 Swiftness                Air            44%        N/A       2%          3
 Airstrike                Air            22%        2d(4-20)  2%          4
 Cause Fear               Hex            22%        N/A       9%          4
 Apportation              Tloc           26%        N/A       12%         1
 Necrotise                Necr           52%        1d6       12%         1
 Summon Small Mammal      Summ           52%        N/A       12%         1
 Metabolic Englaciation   Hex/Ice        22%        N/A       24%         5
 Silence                  Hex/Air        22%        N/A       24%         5
 Anguish                  Hex/Necr       14%        N/A       32%         4
 Summon Blazeheart Golem  Fire/Summ      28%        N/A       32%         4
 Summon Lightning Spire   Summ/Air       28%        N/A       32%         4
 Call Canine Familiar     Summ           13%        N/A       36%         3
 Fugue of the Fallen      Necr           13%        N/A       36%         3
 Passwall                 Erth           13%        N/A       36%         3
 Vampiric Draining        Necr           13%        2d6       36%         3
 Animate Dead             Necr           13%        N/A       77%         4
 Martyr's Knell           Necr/Summ      13%        N/A       77%         4
 Passage of Golubria      Tloc           13%        N/A       77%         4
 Ozocubu's Refrigeration  Ice            22%        4d12      83%         7
 Borgnjor's Vile Clutch   Necr/Erth      6%         N/A       98%         5
 Curse of Agony           Necr           13%        N/A       98%         5
 Death Channel            Necr           6%         N/A       100%        6
 Enfeeble                 Hex            22%        N/A       100%        7
 Discord                  Hex            22%        N/A       100%        8
 Lehudib's Crystal Spear  Conj/Erth      14%        10d5      100%        8


Dungeon Overview and Level Annotations

Branches:
Dungeon (15/15)            Temple (1/1) D:5            Lair (5/5) D:11
 Shoals (0/4) Lair:2        Snake (0/4) Lair:2        Slime (0/5) Lair:4
    Orc (2/2) D:9             Elf (0/3) Orc:2        Vaults (0/5) D:13
  IceCv (visited)         Volcano (visited)         Gauntlet (visited)
 Depths: D:15

Altars:
Ashenzari
Cheibriados
Dithmenos
Elyvilon
Fedhas
Gozag
Hepliaklqana
Kikubaaqudgha
Makhleb
Nemelex Xobeh
Okawaru
Qazlal
Ru
Sif Muna
Trog
Uskayaw
Vehumet
Wu Jian
Xom
Yredelemnul
Zin
The Shining One
Lugonu

Shops:
D:9 [(   D:12 ?   D:14 ?   Orc:1 !   Orc:2 :[=*

Annotations:
D:7 1 runed translucent door, Peloso's ghost, novice MiFi
D:8 3 runed translucent doors, riffraff's ghost, novice MiFi
D:13 3 runed translucent doors, Juacyphi's ghost, journeyman MiBe
Orc:2 1 runed translucent door, Cryptonicus's ghost, journeyman MiBe


Innate Abilities, Weirdness & Mutations

Your serpentine skin is tough. (AC +5)
You have supernaturally acute eyesight. (SInv)
Armour fits poorly on your strangely shaped body.
Your system is resistant to poisons. (rPois)
You cover ground very slowly.
You can spit poison.
You can use your snake-like lower body to constrict enemies.


Message History

The bolt of negative energy misses you. The freezing wraith hits you!
The freezing wraith freezes you! You block the freezing wraith's attack.
You block the laughing skull's attack.
You hit the laughing skull but do no damage.
Your grab misses the laughing skull.
The laughing skull burns! x2
The laughing skull lets out a vicious peal of laugher.
The bolt of negative energy hits you!
You feel drained. The freezing wraith hits you!
The freezing wraith freezes you! You block the freezing wraith's attack.
You block the laughing skull's attack. x2
The freezing wraith hits you! The freezing wraith freezes you!
The freezing wraith hits you.
* * * LOW HITPOINT WARNING * * *
The freezing wraith drains your vigour!
You feel yourself slow down.
Press: ? - help, Dir - look around, f - activate You feel a surge of power!
Splash!
You fall into the toxic bog.
You spew toxic sludge!
The laughing skull burns!
The laughing skull cackles spitefully.
The bolt of negative energy hits you!
You feel drained.
* * * LOW HITPOINT WARNING * * *
The laughing skull headbutts you but does no damage.
You block the laughing skull's attack. The freezing wraith hits you.
* * * LOW HITPOINT WARNING * * *
The freezing wraith freezes you!
* * * LOW HITPOINT WARNING * * *
The freezing wraith barely misses you. The laughing skull barely misses you.
Unknown command.
Okay, then.
Unknown command.
Okay, then.
Unknown command.
Unknown command.
Search for what [Enter for "helm", or ? for help]? rn+ Unknown command.
Unknown command.
As you read the scroll of teleportation {@r4}, it crumbles to dust.
You feel strangely unstable.
The laughing skull burns! x2
The laughing skull headbutts you!
* * * LOW HITPOINT WARNING * * *
The laughing skull headbutts you!
* * * LOW HITPOINT WARNING * * *
The freezing wraith hits you!
* * * LOW HITPOINT WARNING * * *
The freezing wraith freezes you!!
* * * LOW HITPOINT WARNING * * *
The freezing wraith hits you but does no damage.
You block the laughing skull's attack. The laughing skull closely misses you.
You block the freezing wraith's attack. The freezing wraith hits you.
You die...

.... #..# ... #..# ..
..## #..# .... #...##
#..## ##.#.#
......#####.~.###......
#..##........!~...~~#.#.
..# #.......#††~~~~~....
.## ##.....#.~~~~~~~~#.#
## #....##.~~~@z~~(... #
##...#.~~~~Wz~~#...
######......~~~#~~~...#.
.##.........~~..~~~~#...
............~~..........
#...............####.#.#
#..............# .. .
#..............# .#
..#####........#


You could see a freezing wraith and 2 laughing skulls.

Vanquished Creatures
  A reaper (IceCv)
  A minotaur (Gauntlet)
  Snorg (Lair:4)
  An ettin (D:11)
  7 hydras
  A great orb of eyes (Gauntlet)
  An ogre mage (D:15)
  A catoblepas (D:15)
  3 boulder beetles
  2 centaur warriors
  2 dancing weapons (D:13)
  10 two-headed ogres
  3 death yaks (Lair:2)
  A tengu warrior (D:11)
  3 orc high priests (Orc:2)
  An occultist (D:11)
  Amaemon (Lair:2)
  A hell knight (Volcano)
  2 skysharks
  2 goliath frogs (Lair:5)
  A lindwurm (Lair:1)
  3 deep elf pyromancers
  8 orc knights
  4 orc sorcerers (Orc:2)
  A deep elf zephyrmancer (D:15)
  13 ugly things
  3 salamanders (Volcano)
  5 cyclopes
  5 manticores
  4 molten gargoyles (Volcano)
  Joseph (D:8)
  An orange demon (Lair:2)
  12 elephants
  2 ice statues (IceCv)
  2 kobold blastminers (Orc:2)
  A torpor snail (Gauntlet)
  5 black mambas
  5 gargoyles
  19 cane toads
  3 unseen horrors
  A large abomination (Gauntlet)
  Jeremiah (D:6)
  A kobold demonologist (D:5)
  2 anaconda simulacra (IceCv)
  A freezing wraith (D:14)
  13 komodo dragons
  A rime drake (Lair:4)
  7 ice devils
  An efreet (Volcano)
  A merfolk (D:8)
  9 trolls
  3 polar bears
  2 tyrant leeches (Lair:5)
  3 hornets
  27 blink frogs
  12 slime creatures
  2 centaur simulacra
  3 shadows (D:11)
  The ghost of sefie the Ruffian, an amateur VSSh (D:5)
  6 wraiths
  5 wyverns
  A vampire (D:11)
  41 yaks
  A yak (shapeshifter) (D:11)
  A warg (Orc:2)
  3 fire bats (Orc:2)
  3 basilisks
  2 steam dragons
  11 vampire mosquitoes
  2 death yak simulacra (IceCv)
  2 harpy simulacra (IceCv)
  3 acid dragons
  6 nagas (Lair:2)
  17 water moccasins
  18 orc warriors
  2 sky beasts
  2 ice beasts
  3 black bears
  10 ogres
  6 wolves
  9 centaurs
  A phantom (D:6)
  25 bullfrogs
  4 kobold brigands
  4 gnoll sergeants
  4 small abominations (Gauntlet)
  A scorpion (D:11)
  A cane toad simulacrum (IceCv)
  A two-headed ogre simulacrum (IceCv)
  5 wights (D:6)
  24 killer bees
  13 howler monkeys
  2 bombardier beetles
  A crimson imp (D:6)
  18 orc priests
  2 jellies
  10 gnoll boudas
  17 hounds
  An iguana (shapeshifter) (D:11)
  3 iguanas
  29 orc wizards
  2 troll simulacra (IceCv)
  A polar bear simulacrum (IceCv)
  2 spriggan simulacra (IceCv)
  6 adders
  36 gnolls
  3 naga simulacra (IceCv)
  6 white imps
  2 ufetubi (IceCv)
  2 ribbon worms
  7 dart slugs
  69 orcs
  6 ball pythons
  5 bats
  9 endoplasms
  5 giant cockroaches
  5 goblins
  8 hobgoblins
  8 jackals
  11 kobolds
  7 quokkas
  5 frilled lizards
  5 rats
  A spectral hobgoblin (D:8)
765 creatures vanquished.

Vanquished Creatures (others)
  A human (D:6)
  An orc wizard (Orc:2)
  An orc (Orc:2)
  A kobold (D:8)
4 creatures vanquished.

Grand Total: 769 creatures vanquished

Notes
Turn   | Place    | Note
-------+----------+-------------------------------------------
     0 | D:1      | James the Naga Alchemist began the quest for the Orb.
     0 | D:1      | Reached XP level 1. HP: 15/15 MP: 3/3
   124 | D:1      | Reached XP level 2. HP: 8/24 MP: 1/5
   258 | D:1      | Reached skill level 1 in Fighting
   356 | D:1      | Learned a level 2 spell: Mercury Vapours
   410 | D:1      | Found a faded altar of an unknown god.
   528 | D:1      | Reached XP level 3. HP: 30/31 MP: 6/6
   653 | D:1      | Learned a level 3 spell: Mephitic Cloud
   665 | D:1      | Reached skill level 1 in Air Magic
  1373 | D:2      | Reached XP level 4. HP: 36/38 MP: 7/7
  1580 | D:2      | You fall into a shaft and drop 1 floor!
  1580 | D:3      | Found an iron altar of Okawaru.
  1980 | D:2      | Got the Exposition on Transfiguration and the Snowflakes
  2435 | D:3      | Reached XP level 5. HP: 35/45 MP: 9/9
  2741 | D:3      | Found a basalt altar of Yredelemnul.
  2743 | D:3      | Noticed a profane servitor
  2861 | D:3      | Found a glowing golden altar of the Shining One.
  2863 | D:3      | Noticed an angel
  2955 | D:4      | Reached skill level 4 in Stealth
  2957 | D:4      | Reached XP level 6. HP: 29/52 MP: 6/10
  2958 | D:4      | Reached skill level 5 in Stealth
  2958 | D:4      | Reached skill level 5 in Alchemy
  3872 | D:4      | Reached XP level 7. HP: 46/62 MP: 10/11
  4332 | D:4      | Learned a level 4 spell: Olgreb's Toxic Radiance
  4353 | D:5      | Entered Level 5 of the Dungeon
  4360 | D:5      | Found a staircase to the Ecumenical Temple.
  4369 | Temple   | Entered the Ecumenical Temple
  4378 | Temple   | Became a worshipper of Vehumet
  4507 | D:5      | Noticed a wyvern
  4758 | D:4      | Killed a wyvern
  4759 | D:4      | Reached skill level 8 in Stealth
  4911 | D:5      | Reached XP level 8. HP: 66/69 MP: 2/12
  4912 | D:5      | Reached skill level 9 in Stealth
  5237 | D:5      | Found an opulent altar of Gozag.
  5300 | D:5      | Found a runed translucent gate.
  5300 | D:5      | Found a runed translucent gate.
  5300 | D:5      | Found a runed translucent gate.
  5301 | D:5      | Noticed sefie's ghost (amateur VSSh)
  5708 | D:5      | Reached skill level 10 in Stealth
  5852 | D:5      | Reached * piety under Vehumet
  5852 | D:5      | Offered knowledge of Shock by Vehumet.
  6124 | D:6      | Noticed a yak
  6573 | D:6      | Learned a level 4 spell: Sticky Flame
  6620 | D:6      | Reached skill level 1 in Fire Magic
  6691 | D:6      | Reached XP level 9. HP: 69/78 MP: 4/14
  6709 | D:6      | Noticed Jeremiah
  6820 | D:6      | Killed Jeremiah
  7094 | D:6      | Identified the ring "Rytz" {rPois rF++ rC- Str+6}
  7094 | D:6      | Noticed a kobold demonologist
  7131 | D:5      | Noticed a rust devil
  7134 | D:5      | Noticed an orange demon
  7135 | D:5      | Noticed a sun demon
  7138 | D:5      | Killed a kobold demonologist
  7413 | D:6      | Reached skill level 10 in Alchemy
  7442 | D:6      | Reached ** piety under Vehumet
  7620 | D:6      | Offered knowledge of Foxfire by Vehumet.
  7837 | D:6      | Reached XP level 10. HP: 83/85 MP: 16/16
  8094 | D:6      | Reached skill level 11 in Stealth
  8224 | D:6      | Reached skill level 1 in Armour
  8536 | D:6      | Offered knowledge of Volatile Blastmotes by Vehumet.
  8891 | D:6      | Found an ancient bone altar of Kikubaaqudgha.
  8985 | D:6      | Reached skill level 12 in Stealth
  9222 | D:7      | Found a runed translucent door.
  9222 | D:7      | Noticed Peloso's ghost (novice MiFi)
  9285 | D:7      | Reached skill level 5 in Fighting
  9343 | D:7      | Reached *** piety under Vehumet
  9544 | D:7      | Found a glowing silver altar of Zin.
  9977 | D:8      | Found a runed translucent gate.
  9977 | D:8      | Found a runed translucent gate.
  9977 | D:8      | Found a runed translucent gate.
  9977 | D:8      | Noticed a brown ugly thing
  9978 | D:8      | Noticed a white ugly thing
  9980 | D:8      | Noticed a white ugly thing
 10220 | D:8      | Noticed Joseph
 10228 | D:8      | Killed Joseph
 10229 | D:8      | Reached skill level 5 in Spellcasting
 10453 | D:8      | Reached XP level 11. HP: 96/96 MP: 18/18
 10461 | D:8      | Offered knowledge of Fulminant Prism by Vehumet.
 10468 | D:8      | Reached skill level 5 in Fire Magic
 10502 | D:8      | Learned a level 6 spell: Eringya's Noxious Bog
 10549 | D:8      | Found a snail-covered altar of Cheibriados.
 10558 | D:8      | Identified the +0 plate armour of Huolir {Str+5 Dex-5}
 10596 | D:8      | Found a hazy altar of Hepliaklqana.
 10862 | D:8      | Noticed a brown ugly thing
 11009 | D:9      | Found Waus's Weapon Shoppe.
 11009 | D:9      | Found a staircase to the Orcish Mines.
 11011 | D:9      | Found Kefoav's Armour Shoppe.
 11021 | D:9      | Reached skill level 13 in Stealth
 11286 | D:9      | Reached **** piety under Vehumet
 11342 | D:9      | Offered knowledge of Yara's Violent Unravelling by Vehumet.
 11460 | D:9      | Noticed a two-headed ogre
 11474 | D:9      | Killed a two-headed ogre
 11734 | D:9      | Found a blossoming altar of Fedhas.
 11742 | D:9      | Reached skill level 14 in Stealth
 11841 | D:10     | Entered Level 10 of the Dungeon
 12048 | D:10     | Noticed a two-headed ogre
 12055 | D:10     | Killed a two-headed ogre
 12149 | D:10     | Noticed a two-headed ogre
 12172 | D:10     | Killed a two-headed ogre
 12669 | D:10     | Reached XP level 12. HP: 101/109 MP: 22/22
 13909 | D:11     | Learned a level 5 spell: Yara's Violent Unravelling
 14024 | D:11     | Reached skill level 1 in Hexes
 14309 | D:11     | Found a staircase to the Lair.
 14482 | Lair:1   | Entered Level 1 of the Lair of Beasts
 14664 | Lair:1   | Found a frozen archway.
 14671 | Lair:1   | Reached ***** piety under Vehumet
 14779 | IceCv    | Entered an ice cave
 14798 | IceCv    | Offered knowledge of Orb of Destruction by Vehumet.
 16331 | IceCv    | Noticed a reaper
 16332 | IceCv    | Found the +2 Maxwell's thermic engine {flame, freeze, rev}
 16338 | IceCv    | Killed a reaper
 16889 | Lair:1   | Gained mutation: You can use your snake-like lower body to
                  | constrict enemies. [Naga growth]
 16889 | Lair:1   | Reached XP level 13. HP: 104/123 MP: 16/26
 16898 | Lair:1   | Reached skill level 10 in Fighting
 18179 | Lair:2   | Found a staircase to the Shoals.
 18349 | Lair:2   | Noticed Amaemon
 18365 | Lair:2   | Killed Amaemon
 18366 | Lair:2   | Reached skill level 1 in Shields
 18877 | Lair:2   | Found a staircase to the Snake Pit.
 18988 | Lair:2   | Reached skill level 10 in Spellcasting
 19185 | Lair:2   | Found a snail-covered altar of Cheibriados.
 19864 | Lair:3   | Reached skill level 5 in Shields
 20284 | Lair:4   | Noticed Snorg
 20299 | Lair:4   | Killed Snorg
 20444 | Lair:4   | Offered knowledge of Ozocubu's Refrigeration by Vehumet.
 20464 | Lair:4   | Found a staircase to the Slime Pits.
 20508 | Lair:4   | Reached skill level 15 in Stealth
 20508 | Lair:4   | Reached XP level 14. HP: 125/135 MP: 27/28
 20736 | Lair:4   | Reached skill level 15 in Alchemy
 21082 | Lair:5   | Entered Level 5 of the Lair of Beasts
 21095 | Lair:5   | Reached skill level 16 in Stealth
 21255 | Lair:5   | Reached skill level 17 in Stealth
 21817 | Lair:5   | Reached skill level 18 in Stealth
 21998 | Lair:5   | Offered knowledge of Starburst by Vehumet.
 22420 | Lair:5   | Reached skill level 5 in Conjurations
 22420 | Lair:5   | Reached skill level 5 in Hexes
 22509 | Lair:5   | Reached skill level 5 in Air Magic
 22518 | Lair:5   | Identified the +4 rapier of Reabby Napt {holy, rPois Will+
                  | Dex+3}
 23139 | D:5      | Killed sefie's ghost
 23420 | D:8      | Found a runed translucent gate.
 23420 | D:8      | Found a runed translucent gate.
 23424 | D:8      | Found a runed translucent gate.
 23440 | D:8      | Learned a level 5 spell: Freezing Cloud
 23448 | D:8      | Noticed riffraff's ghost (novice MiFi)
 23544 | D:11     | Reached skill level 1 in Ice Magic
 23694 | D:11     | Reached XP level 15. HP: 51/142 MP: 26/29
 24246 | Orc:1    | Entered Level 1 of the Orcish Mines
 24406 | Orc:1    | Found Ezixyam's Distillery.
 24722 | Orc:2    | Entered Level 2 of the Orcish Mines
 24774 | Orc:2    | Found a runed translucent door.
 24774 | Orc:2    | Found a shimmering altar of Xom.
 24774 | Orc:2    | Noticed Cryptonicus's ghost (journeyman MiBe)
 24800 | Orc:2    | Found a dark tunnel.
 24819 | Volcano  | Entered a volcano
 24904 | Volcano  | Reached skill level 5 in Ice Magic
 25764 | Volcano  | Noticed an orb of fire
 25792 | Volcano  | Noticed an orb of fire
 26785 | Orc:2    | Found Pimmynt's Armour Boutique.
 26785 | Orc:2    | Found Ocyir Kane's Book Shoppe.
 26787 | Orc:2    | Found Qebret's Assorted Antiques.
 26787 | Orc:2    | Found Loujosu's Jewellery Shoppe.
 26922 | Orc:2    | Found a shimmering blue altar of Sif Muna.
 26927 | Orc:2    | Offered knowledge of Plasma Beam by Vehumet.
 27021 | Orc:2    | Found a staircase to the Elven Halls.
 28665 | D:11     | Identified the amulet "Usmifut" {+Blink Regen+}
 28948 | D:12     | Identified a scroll of acquirement
 28983 | D:12     | Found Iczun's Magic Scroll Shoppe.
 30558 | D:13     | Found a runed translucent gate.
 30559 | D:13     | Found a runed translucent gate.
 30560 | D:13     | Found a runed translucent gate.
 30561 | D:13     | Noticed Juacyphi's ghost (journeyman MiBe)
 30620 | D:13     | Reached XP level 16. HP: 152/152 MP: 31/31
 31228 | D:13     | Found a gate to the Vaults.
 31234 | D:13     | Identified the +2 falchion "Matzajod" {antimagic, rN+}
 31498 | D:14     | Found Wupuus's Magic Scroll Boutique.
 31594 | D:14     | Found a gate leading to a gauntlet.
 31608 | Gauntlet | Entered a Gauntlet
 31608 | Gauntlet | Found a large runed translucent door.
 31608 | Gauntlet | Found a large runed translucent door.
 31608 | Gauntlet | Found a large runed translucent door.
 31608 | Gauntlet | Found a large runed translucent door.
 31608 | Gauntlet | Found a large runed translucent door.
 31608 | Gauntlet | Found a large runed translucent door.
 31608 | Gauntlet | Found a large runed translucent door.
 31608 | Gauntlet | Found a large runed translucent door.
 31608 | Gauntlet | Found a runed translucent door.
 31608 | Gauntlet | Found a runed translucent gate.
 31608 | Gauntlet | Found a transporter.
 31608 | Gauntlet | Found a transporter.
 31608 | Gauntlet | Found a runed translucent gate.
 31608 | Gauntlet | Found a transporter.
 31608 | Gauntlet | Found a transporter.
 31638 | Gauntlet | Found a transporter.
 31638 | Gauntlet | Found a transporter.
 31642 | Gauntlet | Found a runed translucent gate.
 31642 | Gauntlet | Found a runed translucent door.
 31643 | Gauntlet | Found a large runed translucent door.
 31643 | Gauntlet | Found a large runed translucent door.
 31650 | Gauntlet | Found a transporter.
 31652 | Gauntlet | Found a transporter.
 31662 | Gauntlet | Found a transporter.
 31668 | Gauntlet | Found a transporter.
 31690 | Gauntlet | Found a transporter.
 31690 | Gauntlet | Found a transporter.
 31735 | Gauntlet | Found a large runed translucent door.
 31735 | Gauntlet | Found a large runed translucent door.
 31736 | Gauntlet | Found a large runed translucent door.
 31736 | Gauntlet | Found a large runed translucent door.
 31737 | Gauntlet | Found a large runed translucent door.
 31737 | Gauntlet | Found a large runed translucent door.
 31999 | Gauntlet | Identified the amulet "Daethet" {Faith rF- rC++}
 32184 | Gauntlet | Identified the +5 kite shield of the Ladybird {Regen+
                  | Int+2}
 32184 | Gauntlet | Identified the +12 quarterstaff "Ryfigi" {drain, Dex+3}
 32359 | Orc:2    | Bought a manual of Shields for 1040 gold pieces
 32540 | D:14     | Found a corrupted altar of Lugonu.
 32552 | D:14     | Got Lugonu's Guide on Blasts
 32817 | D:14     | Offered knowledge of Conjure Ball Lightning by Vehumet.
 33276 | D:15     | Entered Level 15 of the Dungeon
 33688 | D:15     | HP: 1/145 [freezing wraith (18)]
 33688 | D:15     | Slain by a freezing wraith

Illustrated notes

Levels and vault maps discovered:
D:1:      wheals_arrival_shading, layout_basic, ebering_ecumenical_altar_webs
D:2:      layout_basic, chequers_serial_rivers_micro_e, minmay_joined_circles
D:3:      layout_loops_ring, grunt_temple_overflow_holy_war, okawaru_gym_becter
D:4:      layout_loops_cross, minivault_4, minmay_manual_mares
D:5:      layout_cave_pools, mainiacjoe_overflow_alcove_1, temple_fountains,
          serial_gnoll_camp, gnoll_camp_mini_house, gnoll_camp_medium_02,
          gnoll_camp_mini_doghouse, gnoll_camp_mini_loothouse,
          ebering_ghost_rock_garden
D:6:      lemuel_castle_with_subvaults [lemuel_castle_interior_carwin_2],
          layout_basic, tgw_kikubaaqudgha, grunt_ministairs_15,
          minmay_fire_ice_demons, uniq_jeremiah
D:7:      layout_loops_ring, marbit_many_paths, hellmonk_ghost_happy_afterlife
D:8:      layout_rooms, nicolae_hepliaklqana_monster_ancestors,
          ploomutoo_gammafunk_ghost_potion_laboratory, roadster_trireme,
          uniq_joseph
D:9:      layout_roguey, fedhas_altar_fruit_tree, orc_david_3
D:10:     nicolae_cairo_tiling_large_dashed, layout_stronghold,
          serial_co_window_serial, co_window_of_opportunity_a,
          co_window_of_opportunity_a, co_window_paths_a, co_window_paths_b,
          co_window_corner_a, co_window_corner_a, co_window_paths_c,
          co_window_broadway_c, co_window_corner_cb, co_window_2corner,
          co_window_paths_e
D:11:     minmay_the_grid_square_5x5_4x4_mashed
          [minmay_the_grid_square_5x5_beaten_path,
          minmay_the_grid_square_5x5_shrine2,
          minmay_the_grid_square_5x5_longway, minmay_the_grid_square_5x5_meh,
          minmay_the_grid_square_5x5_inner_v,
          minmay_the_grid_square_5x5_prize_itemx,
          minmay_the_grid_square_5x5_prize_deathbox,
          minmay_the_grid_square_5x5_minivault,
          minmay_the_grid_square_5x5_shuriken,
          minmay_the_grid_square_5x5_prize_monsterx,
          minmay_the_grid_square_5x5_prize_snowflake,
          minmay_the_grid_square_5x5_fancy_junction,
          minmay_the_grid_square_5x5_checkered_statues,
          minmay_the_grid_square_5x5_percent,
          minmay_the_grid_square_5x5_tri_point,
          minmay_the_grid_square_5x5_checkered_sparse], layout_cave_pools,
          grunt_lair_entry_orc_guard_hut, serial_bayou_pond_e
D:12:     layout_cave_pods, serial_shops, shop
D:13:     layout_cave_pools, erik_vaults_1, gammafunk_ghost_hydra_chop
D:14:     layout_gridville, gauntlet_entry_generic, serial_shops,
          nicolae_stop_n_shop_1, kennysheep_path_1, tgw_lugonu_bribe
D:15:     grunt_enter_depths_giant_problem, layout_layer_cave,
          nicolae_kite_square_tiling_tiny
Temple:   nicolae_temple_bog_church
Lair:1:   layout_long_grid, portal_ice_cave_demonic_guard,
          hangedman_lair_generics_rect, grunt_megastairs_4
Lair:2:   layout_loops_ring, elwin_shoals_entry_rocks,
          minmay_snake_entry_guardpost_medium, basic_altar, uniq_amaemon
Lair:3:   layout_loops_ring, serial_bayou_shore_b, grunt_megastairs_1,
          infiniplex_staircase_pool_2
Lair:4:   layout_roguey, slime_entry_1, uniq_snorg
Lair:5:   minmay_lair_end_frog_pond, layout_loops_ring, serial_bayou_pond_a
Orc:1:    layout_diamond_mine, serial_shops, nicolae_shop_stone
Orc:2:    grunt_orc_tribal_feast, layout_diamond_mine,
          nicolae_volcano_entry_batcave, ebering_ghost_xom,
          nicolae_orc_bridge_out, kennysheep_orc_sif_temple

Skill      XL: |  1  2  3  4  5  6  7  8  9 10 11 12 13 14 15 16 |
---------------+-------------------------------------------------+-----
Fighting       | 1 2 3 4 5 7 9 11 12 | 12.0
Alchemy        | 4 6 7 12 13 14 17 | 17.0
Air Magic      | 1 2 3 4 5 6 |  6.5
Spellcasting   | 3 4 5 6 9 10 11 | 11.0
Conjurations   | 2 3 4 5 6 |  6.5
Stealth        | 4 5 8 10 12 14 15 18 | 18.0
Dodging        | 2 3 4 |  4.0
Fire Magic     | 3 4 5 6 |  6.5
Armour         | 2 3 4 |  4.0
Hexes          | 4 5 6 |  6.5
Shields        | 5 8 |  8.8
Ice Magic      | 2 6 |  6.5

Action                     |  1- 3 |  4- 6 |  7- 9 | 10-12 | 13-15 | 16-18 || total
---------------------------+-------+-------+-------+-------+-------+-------++-------
  Melee: Dagger            |    19 |       |       |       |       |       ||    19
         Staff             |    25 |    41 |   132 |   129 |   337 |    54 ||   718
         Falchion          |       |       |     9 |    49 |       |       ||    58
         Punch             |       |       |     3 |     2 |       |       ||     5
         Constrict         |       |       |       |       |   101 |    18 ||   119
         Rapier            |       |       |       |       |     9 |     7 ||    16
   Cast: Sting             |    49 |    61 |   164 |    83 |     7 |       ||   364
         Mercury Vapours   |     2 |    10 |    15 |     5 |     1 |     1 ||    34
         Mephitic Cloud    |       |     1 |    38 |    11 |     3 |       ||    53
         Olgreb's Toxic Ra |       |       |     7 |    59 |    79 |     9 ||   154
         Sticky Flame      |       |       |     4 |   103 |   156 |    30 ||   293
         Eringya's Noxious |       |       |       |     4 |    44 |     9 ||    57
         Freezing Cloud    |       |       |       |       |    25 |     3 ||    28
Ability: Spit Poison       |     1 |       |       |       |       |       ||     1
  Evoke: Wand              |       |       |       |       |     1 |     1 ||     2
    Use: Scroll            |       |     9 |     1 |     7 |    17 |     4 ||    38
         Potion            |       |       |       |     1 |     2 |     1 ||     4
   Stab: Confused          |       |       |    12 |       |     2 |       ||    14
         Sleeping          |       |       |       |       |    13 |       ||    13
 Armour: Robe              |    36 |    66 |   106 |       |       |       ||   208
         Steam dragon scal |       |       |     7 |   192 |   390 |    50 ||   639
         Leather armour    |       |       |       |       |       |    64 ||    64
  Dodge: Dodged            |    23 |    57 |   215 |   295 |   501 |    73 ||  1164
  Block: Buckler           |       |       |       |     6 |   229 |    27 ||   262
         Kite shield       |       |       |       |       |       |    55 ||    55
